Philadelphia Flyers vs Colorado Rockies
Created - Friday, November 8, 2024 at 09:33
Goals
|
| Philadelphia Flyers |
0 |
0 |
1 |
0 |
0 |
1 |
| Colorado Rockies |
0 |
1 |
0 |
0 |
1 |
2 |
|
Shots
|
| Philadelphia Flyers |
6 |
12 |
16 |
0 |
3 |
34 |
| Colorado Rockies |
6 |
11 |
15 |
0 |
3 |
32 |
|
1st period
No Goal
Penalties :
Matt Rempe (PHI) for Roughing (Minor) at 3:04, Nikita Zadorov (COL) for Tripping (Minor) at 5:36
2nd period
1. Colorado Rockies , Kevin Hayes 5 (Nick Bonino 4, Kyle Connor 16) at 5:46 (PP)
Penalties :
Connor Ingram (PHI) for Slashing (Minor) at 5:36 - Connor Murphy served the penalty, Matt Rempe (PHI) for Slashing (Minor) at 6:12, Nikita Zadorov (COL) for High sticking (Minor) at 15:15
3rd period
2. Philadelphia Flyers , Marcus Johansson 12 (Ryan Winterton 1, Radek Faksa 16) at 4:04 (PP)
Penalties :
Nikita Zadorov (COL) for Roughing (Double Minor) at 0:52, Victor Hedman (COL) for Hooking (Minor) at 5:52
Overtime #1
No Goal
Penalties :
No Penalty
Shootout
Philadelphia Flyers, Alexander Wennberg - Shot Misses the Net
Colorado Rockies, Nikita Kucherov - Stopped by Connor Ingram
Philadelphia Flyers, Cody Glass - Stopped by Joey Daccord
Colorado Rockies, David Pastrnak - Stopped by Connor Ingram
Philadelphia Flyers, Casey Cizikas - Stopped by Joey Daccord
Colorado Rockies, Nick Bonino - Goal!
Penalties :
No Penalty
Goalie Stats
Connor Ingram (PHI), 31 saves from 32 shots - (0.969), OTL, 28-11-7, 65:00 minutes
Joey Daccord (COL), 33 saves from 34 shots - (0.971), W, 15-18-5, 65:00 minutes
Players Stats for Philadelphia Flyers
Player Name G A P +/- PIM S H SB GA TA FO MP PP MP PK MP
------------------------------------------------------------------------------------
Albert Johansson 0 0 0 0 0 0 0 0 0 0 0/0 14:09 0:00 0:00
Alexander Wennberg 0 0 0 0 0 3 0 0 0 1 9/18 20:01 4:19 2:03
Ben Chiarot 0 0 0 0 0 1 1 0 0 0 0/0 19:57 0:00 2:23
Casey Cizikas 0 0 0 0 0 0 2 0 0 0 11/17 20:03 3:51 2:05
Cody Glass 0 0 0 0 0 4 3 1 0 0 0/1 16:45 3:51 0:00
Connor Murphy 0 0 0 0 0 0 3 3 1 0 0/0 26:43 4:25 2:23
Jeff Skinner 0 0 0 0 0 3 2 0 1 0 0/2 18:28 4:32 0:00
Jesper Fast 0 0 0 0 0 0 1 0 1 0 0/0 11:38 0:00 0:00
Marcus Johansson 1 0 1 0 0 2 1 0 0 1 0/0 12:43 0:46 0:00
Matt Rempe 0 0 0 0 4 4 0 0 0 0 0/1 11:37 0:00 0:00
Radek Faksa 0 1 1 0 0 2 2 2 1 2 6/8 18:14 4:44 2:05
Ryan Winterton 0 1 1 0 0 4 1 0 0 0 0/0 12:43 0:59 0:00
Sean Kuraly 0 0 0 0 0 1 3 0 2 0 4/12 19:19 4:25 2:03
Sonny Milano 0 0 0 0 0 3 0 1 2 0 0/2 16:03 4:32 0:00
Trevor van Riemsdyk 0 0 0 0 0 0 0 1 1 1 0/0 18:50 0:00 1:45
Tyler Johnson 0 0 0 0 0 2 0 0 0 1 0/0 17:11 3:51 0:00
Vladislav Gavrikov 0 0 0 0 0 2 0 0 0 0 0/0 24:54 4:44 1:35
Zac Jones 0 0 0 0 0 3 2 1 0 3 0/0 16:32 0:46 0:10
Players Stats for Colorado Rockies
Player Name G A P +/- PIM S H SB GA TA FO MP PP MP PK MP
------------------------------------------------------------------------------------
Andrew Peeke 0 0 0 0 0 4 0 0 0 1 0/0 19:15 0:00 3:27
David Pastrnak 0 0 0 0 0 2 1 0 3 2 1/2 21:59 2:05 3:50
Evgeny Kuznetsov 0 0 0 0 0 2 1 0 0 0 0/0 6:15 0:00 0:00
Jesper Bratt 0 0 0 0 0 3 3 0 1 0 0/0 21:55 1:53 4:02
Kevin Hayes 1 0 1 0 0 2 1 0 0 0 5/6 9:40 0:50 0:00
Kyle Connor 0 1 1 0 0 6 5 0 0 0 0/1 17:54 2:15 1:17
Kyle Palmieri 0 0 0 0 0 0 1 0 0 0 0/0 12:08 0:00 0:00
Martin Fehervary 0 0 0 0 0 1 1 2 1 0 0/0 24:16 1:36 4:29
Michael Bunting 0 0 0 0 0 0 3 2 0 0 0/0 11:46 0:00 0:00
Nick Bonino 0 1 1 0 0 2 4 0 0 0 10/17 19:44 1:35 1:08
Nick Schmaltz 0 0 0 0 0 1 2 0 1 0 4/15 18:44 0:00 3:43
Nikita Kucherov 0 0 0 0 0 2 5 0 2 1 3/5 22:17 1:53 4:18
Nikita Zadorov 0 0 0 0 8 0 2 4 0 0 0/0 21:15 1:36 1:02
Quinn Hughes 0 0 0 0 0 0 1 2 0 2 0/0 25:47 2:32 5:37
Ryan O'Reilly 0 0 0 0 0 2 1 0 0 0 8/14 17:40 1:53 0:00
Tim Stutzle 0 0 0 0 0 0 0 0 0 0 0/1 0:35 0:00 0:00
Victor Hedman 0 0 0 0 2 2 2 1 1 1 0/0 24:09 2:32 3:43
Vince Dunn 0 0 0 0 0 3 1 0 0 2 0/0 15:28 0:00 0:00
3 Stars
1 - Joey Daccord (COL)
2 - Connor Ingram (PHI)
3 - Kevin Hayes (COL)
Power Play
Philadelphia Flyers - 1 on 5 Attempt(s) - 20.00%
Colorado Rockies - 1 on 3 Attempt(s) - 33.33%
Penalty Kill
Philadelphia Flyers - 2 on 3 Attempt(s) - 66.67%
- Score 0 goal in Penalty Kill
Colorado Rockies - 4 on 5 Attempt(s) - 80.00%
- Score 0 goal in Penalty Kill
Team Stat
Philadelphia Flyers - Hits : 21 - Faceoff Wins : 30 - Blocked Shots : 9 - Penalty Minutes : 6
Colorado Rockies - Hits : 34 - Faceoff Wins : 31 - Blocked Shots : 11 - Penalty Minutes : 10
Official
Referees : Mitch Dunning and Kyle Rehman
Linesman : Mitchell Hunt and Ryan Galloway
Game Notes
Tim Stutzle is injured at 1:44 of 1st period (Sore Right Knee)
Finance
Level 1 -- Attendance: 5509 (91.82%) -- Ticket Income $495,810
Level 2 -- Attendance: 4567 (91.34%) -- Ticket Income $251,185
Level 3 -- Attendance: 2100 (70.00%) -- Ticket Income $73,500
Level 4 -- Attendance: 3701 (74.02%) -- Ticket Income $92,525
Luxury Box -- Attendance: 866 (86.60%) -- Ticket Income $151,550
Game was played at the Pepsi Center.
Total Attendance: 16743 (83.72%)
Total Ticket Income: $1,064,570
Other Income: $372,600
Total Income: $1,437,170
Philadelphia Flyers
5 vs 5 Forward
Center Left Wing Right Wing Time % Phy DF OF
1 Alexander Wennberg Jeff Skinner Marcus Johansson 25 0 1 4
2 Casey Cizikas Tyler Johnson Cody Glass 25 0 1 4
3 Radek Faksa Sonny Milano Jesper Fast 25 0 2 3
4 Sean Kuraly Matt Rempe Ryan Winterton 25 0 2 3
5 vs 5 Defense
Defense Defense Time % Phy DF OF
1 Vladislav Gavrikov Connor Murphy 35 0 3 2
2 Ben Chiarot Trevor van Riemsdyk 35 0 3 2
3 Zac Jones Albert Johansson 30 0 4 1
4 Vladislav Gavrikov Connor Murphy 0 0 3 2
PowerPlay Forward
Center Left Wing Right Wing Time % Phy DF OF
1 Alexander Wennberg Jeff Skinner Sonny Milano 50 0 0 5
2 Casey Cizikas Tyler Johnson Cody Glass 50 0 0 5
PowerPlay Defense
Defense Defense Time % Phy DF OF
1 Vladislav Gavrikov Radek Faksa 50 0 1 4
2 Connor Murphy Sean Kuraly 50 0 1 4
Penalty Kill 4 Players Forward
Center Wing Time % Phy DF OF
1 Casey Cizikas Radek Faksa 50 0 5 0
2 Alexander Wennberg Sean Kuraly 50 0 5 0
Penalty Kill 4 Players Defense
Defense Defense Time % Phy DF OF
1 Connor Murphy Ben Chiarot 50 0 5 0
2 Vladislav Gavrikov Trevor van Riemsdyk 50 0 5 0
Penalty Kill - 3 Players Forward
Forward Time % Phy DF OF
1 Casey Cizikas 50 0 5 0
2 Radek Faksa 50 0 5 0
Penalty Kill - 3 Players Defense
Defense Defense Time % Phy DF OF
1 Connor Murphy Ben Chiarot 50 0 5 0
2 Vladislav Gavrikov Trevor van Riemsdyk 50 0 5 0
4 vs 4 Forward
Center Wing Time % Phy DF OF
1 Alexander Wennberg Jeff Skinner 50 0 1 4
2 Casey Cizikas Tyler Johnson 50 0 1 4
4 vs 4 Defense
Defense Defense Time % Phy DF OF
1 Vladislav Gavrikov Connor Murphy 50 0 3 2
2 Ben Chiarot Trevor van Riemsdyk 50 0 3 2
Last Minutes Offensive
Center Left Wing Right Wing Defense Defense
Alexander Wennberg Jeff Skinner Sonny Milano Vladislav Gavrikov Marcus Johansson
Last Minutes Defensive
Center Left Wing Right Wing Defense Defense
Casey Cizikas Sean Kuraly Radek Faksa Connor Murphy Ben Chiarot
Goaltenders
Starting : Connor Ingram
Backup : Spencer Martin
Extra Forwards
Normal : Alexander Wennberg, Casey Cizikas, Tyler Johnson - PP : Alexander Wennberg, Casey Cizikas - PK : Tyler Johnson
Extra Defensemen
Normal : Connor Murphy, Trevor van Riemsdyk, Vladislav Gavrikov - PP : Connor Murphy - PK : Trevor van Riemsdyk, Vladislav Gavrikov
Penalty Shots
Alexander Wennberg, Cody Glass, Casey Cizikas, Jeff Skinner, Tyler Johnson
Scratches
Marcel Marcel (Healthy), Daniil Misyul (Healthy), Devin Cooley (Healthy)
Colorado Rockies
5 vs 5 Forward
Center Left Wing Right Wing Time % Phy DF OF
1 Tim Stutzle Kyle Connor Nikita Kucherov 30 1 2 2
2 Ryan O'Reilly Jesper Bratt David Pastrnak 30 1 2 2
3 Nick Schmaltz Kyle Palmieri Michael Bunting 25 1 2 2
4 Kevin Hayes Nick Bonino Evgeny Kuznetsov 15 1 2 2
5 vs 5 Defense
Defense Defense Time % Phy DF OF
1 Victor Hedman Quinn Hughes 35 1 2 2
2 Nikita Zadorov Martin Fehervary 35 1 2 2
3 Vince Dunn Andrew Peeke 30 1 2 2
4 Victor Hedman Quinn Hughes 0 1 2 2
PowerPlay Forward
Center Left Wing Right Wing Time % Phy DF OF
1 Ryan O'Reilly Jesper Bratt Nikita Kucherov 50 1 2 2
2 Tim Stutzle Kyle Connor David Pastrnak 50 1 2 2
PowerPlay Defense
Defense Defense Time % Phy DF OF
1 Victor Hedman Quinn Hughes 50 1 2 2
2 Nikita Zadorov Martin Fehervary 50 1 2 2
Penalty Kill 4 Players Forward
Center Wing Time % Phy DF OF
1 Nikita Kucherov David Pastrnak 50 1 2 2
2 Tim Stutzle Jesper Bratt 50 1 2 2
Penalty Kill 4 Players Defense
Defense Defense Time % Phy DF OF
1 Victor Hedman Quinn Hughes 50 1 2 2
2 Nikita Zadorov Martin Fehervary 50 1 2 2
Penalty Kill - 3 Players Forward
Forward Time % Phy DF OF
1 Nikita Kucherov 50 1 2 2
2 David Pastrnak 50 1 2 2
Penalty Kill - 3 Players Defense
Defense Defense Time % Phy DF OF
1 Victor Hedman Quinn Hughes 50 1 2 2
2 Nikita Zadorov Martin Fehervary 50 1 2 2
4 vs 4 Forward
Center Wing Time % Phy DF OF
1 Nikita Kucherov David Pastrnak 50 1 2 2
2 Ryan O'Reilly Jesper Bratt 50 1 2 2
4 vs 4 Defense
Defense Defense Time % Phy DF OF
1 Victor Hedman Quinn Hughes 50 1 2 2
2 Nikita Zadorov Martin Fehervary 50 1 2 2
Last Minutes Offensive
Center Left Wing Right Wing Defense Defense
Ryan O'Reilly Jesper Bratt Nikita Kucherov Victor Hedman Quinn Hughes
Last Minutes Defensive
Center Left Wing Right Wing Defense Defense
Ryan O'Reilly Jesper Bratt Nikita Kucherov Victor Hedman Quinn Hughes
Goaltenders
Starting : Joey Daccord
Backup : Daniil Tarasov
Extra Forwards
Normal : Nick Bonino, Kevin Hayes, Nikita Kucherov - PP : Nick Bonino, Kevin Hayes - PK : Nikita Kucherov
Extra Defensemen
Normal : Vince Dunn, Andrew Peeke, Nikita Zadorov - PP : Vince Dunn - PK : Andrew Peeke, Nikita Zadorov
Penalty Shots
Nikita Kucherov, David Pastrnak, Nick Bonino, Jesper Bratt, Tim Stutzle
Scratches
Jakub Vrana (Healthy)
% Time on Ice - Philadelphia Flyers
Lines # - Real PCT - Wanted PCT - Time Play
Normal Forward
1 - 26% - 25% - 12:00
2 - 25% - 25% - 11:32
3 - 25% - 25% - 11:38
4 - 25% - 25% - 11:33
Normal Defense
1 - 35% - 35% - 16:18
2 - 34% - 35% - 15:53
3 - 29% - 30% - 13:36
4 - 2% - 0% - 0:56
PP Forward
1 - 50% - 50% - 4:32
2 - 50% - 50% - 4:37
PP Defense
1 - 52% - 50% - 4:44
2 - 48% - 50% - 4:25
PK Forward
1 - 50% - 50% - 2:05
2 - 50% - 50% - 2:03
PK Defense
1 - 58% - 50% - 2:23
2 - 42% - 50% - 1:45
PK3 Forward
1 - 0% - 50%
2 - 0% - 50%
PK3 Defense
1 - 0% - 50%
2 - 0% - 50%
44 Forward
1 - 52% - 50% - 2:37
2 - 48% - 50% - 2:23
44 Defense
1 - 65% - 50% - 3:16
2 - 35% - 50% - 1:44
Last Minute Offensive - 0:00
Last Minute Defensive - 0:00
Total
Forward - 65:00
Defense - 65:00
|
% Time on Ice - Colorado Rockies
Lines # - Real PCT - Wanted PCT - Time Play
Normal Forward
1 - 30% - 30% - 14:02
2 - 31% - 30% - 14:40
3 - 25% - 25% - 11:46
4 - 13% - 15% - 6:15
Normal Defense
1 - 33% - 35% - 15:32
2 - 34% - 35% - 15:46
3 - 31% - 30% - 14:29
4 - 2% - 0% - 0:56
PP Forward
1 - 46% - 50% - 1:53
2 - 54% - 50% - 2:15
PP Defense
1 - 61% - 50% - 2:32
2 - 39% - 50% - 1:36
PK Forward
1 - 42% - 50% - 3:50
2 - 58% - 50% - 5:19
PK Defense
1 - 51% - 50% - 4:40
2 - 49% - 50% - 4:29
PK3 Forward
1 - 0% - 50%
2 - 0% - 50%
PK3 Defense
1 - 0% - 50%
2 - 0% - 50%
44 Forward
1 - 52% - 50% - 2:37
2 - 48% - 50% - 2:23
44 Defense
1 - 46% - 50% - 2:18
2 - 54% - 50% - 2:42
Last Minute Offensive - 0:00
Last Minute Defensive - 0:00
Total
Forward - 65:00
Defense - 65:00
|
Play-by-Play
1st period
0:01 of 1st period - Alexander Wennberg wins face-off versus Tim Stutzle in neutral zone.
0:14 of 1st period - Wrist shot by Kyle Connor.
0:14 of 1st period - Shot Blocked by Connor Murphy.
0:49 of 1st period - Martin Fehervary is hit by Connor Murphy and loses puck.
1:02 of 1st period - Connor Murphy is hit by Kyle Palmieri and loses puck.
1:43 of 1st period - Tim Stutzle is hit by Jeff Skinner and loses puck.
1:44 of 1st period - Tim Stutzle from Colorado Rockies is injured at 1:44 of 1st period (Sore Right Knee).
1:45 of 1st period - Ryan O'Reilly wins face-off versus Sean Kuraly in Colorado Rockies zone.
1:57 of 1st period - Off-side.
1:58 of 1st period - Casey Cizikas wins face-off versus Ryan O'Reilly in neutral zone.
2:07 of 1st period - Snap shot by Cody Glass.
2:07 of 1st period - Shot Misses the Net.
2:31 of 1st period - Slapshot by Kyle Connor.
2:31 of 1st period - Shot Misses the Net.
2:49 of 1st period - Sean Kuraly is hit by Michael Bunting and loses puck.
3:04 of 1st period - Minor Penalty to Matt Rempe for Roughing.
3:05 of 1st period - Casey Cizikas wins face-off versus Ryan O'Reilly in Philadelphia Flyers zone.
3:24 of 1st period - Casey Cizikas is hit by Nikita Kucherov.
3:44 of 1st period - Slapshot by Kyle Connor.
3:44 of 1st period - Deflect By David Pastrnak.
3:44 of 1st period - Shot Misses the Net.
3:44 of 1st period - Puck is out of play.
3:45 of 1st period - Alexander Wennberg wins face-off versus Nick Bonino in Philadelphia Flyers zone.
4:35 of 1st period - Connor Murphy is hit by Nick Bonino and loses puck.
5:03 of 1st period - Connor Murphy is hit by Ryan O'Reilly and loses puck.
5:04 of 1st period - Penalty to Matt Rempe is over, Matt Rempe is back on ice.
5:16 of 1st period - Kyle Palmieri is hit by Ben Chiarot.
5:36 of 1st period - Minor Penalty to Nikita Zadorov for Tripping.
5:37 of 1st period - Alexander Wennberg wins face-off versus Nikita Kucherov in Colorado Rockies zone.
5:52 of 1st period - Slapshot by Alexander Wennberg.
5:52 of 1st period - Shot Blocked by Martin Fehervary.
7:36 of 1st period - Penalty to Nikita Zadorov is over, Nikita Zadorov is back on ice.
7:52 of 1st period - Wrist shot by Kevin Hayes.
7:52 of 1st period - Shot Misses the Net.
9:40 of 1st period - Sean Kuraly is hit by Victor Hedman and loses puck.
10:02 of 1st period - Radek Faksa is hit by Jesper Bratt and loses puck.
10:23 of 1st period - Trevor van Riemsdyk is hit by Michael Bunting and loses puck.
10:27 of 1st period - Icing by Ben Chiarot.
10:28 of 1st period - Nick Bonino wins face-off versus Sean Kuraly in Philadelphia Flyers zone.
10:43 of 1st period - Snap shot by Jeff Skinner.
10:43 of 1st period - Stopped by Joey Daccord with a rebound.
10:45 of 1st period - Wrist shot by Alexander Wennberg.
10:45 of 1st period - Stopped by Joey Daccord with a rebound.
10:47 of 1st period - Slapshot by Connor Murphy.
10:47 of 1st period - Shot Blocked by Nikita Zadorov.
10:49 of 1st period - Wrist shot by Jeff Skinner.
10:49 of 1st period - Deflect By Marcus Johansson.
10:49 of 1st period - Shot Blocked by Nikita Zadorov.
10:49 of 1st period - Puck is out of play.
10:50 of 1st period - Ryan O'Reilly wins face-off versus Casey Cizikas in Colorado Rockies zone.
11:17 of 1st period - Victor Hedman is hit by Marcus Johansson and loses puck.
11:24 of 1st period - Snap shot by Jeff Skinner.
11:24 of 1st period - Shot Blocked by Quinn Hughes.
11:28 of 1st period - Wrist shot by Alexander Wennberg.
11:28 of 1st period - Stopped by Joey Daccord with a rebound.
12:00 of 1st period - Off-side.
12:01 of 1st period - Ryan O'Reilly wins face-off versus Sean Kuraly in neutral zone.
12:28 of 1st period - Cody Glass is hit by Vince Dunn and loses puck.
12:39 of 1st period - Snap shot by Nikita Kucherov.
12:39 of 1st period - Stopped by Connor Ingram without a rebound.
12:40 of 1st period - Ryan O'Reilly wins face-off versus Alexander Wennberg in Philadelphia Flyers zone.
12:41 of 1st period - Snap shot by David Pastrnak.
12:41 of 1st period - Deflect By Jesper Bratt.
12:41 of 1st period - Shot Misses the Net.
12:41 of 1st period - Puck is out of play.
12:42 of 1st period - Ryan O'Reilly wins face-off versus Alexander Wennberg in Philadelphia Flyers zone.
13:07 of 1st period - Nick Schmaltz is hit by Cody Glass and loses puck.
13:12 of 1st period - Snap shot by Cody Glass.
13:12 of 1st period - Deflect By Casey Cizikas.
13:12 of 1st period - Shot Misses the Net.
13:12 of 1st period - Puck is out of play.
13:13 of 1st period - Radek Faksa wins face-off versus Nick Bonino in Colorado Rockies zone.
13:20 of 1st period - Snap shot by Kyle Connor.
13:20 of 1st period - Deflect By Nikita Kucherov.
13:20 of 1st period - Shot Misses the Net.
13:20 of 1st period - Puck is out of play.
13:21 of 1st period - Nick Bonino wins face-off versus Sonny Milano in Philadelphia Flyers zone.
13:34 of 1st period - Snap shot by Nikita Kucherov.
13:34 of 1st period - Stopped by Connor Ingram without a rebound.
13:35 of 1st period - Alexander Wennberg wins face-off versus Nick Schmaltz in Philadelphia Flyers zone.
13:46 of 1st period - Snap shot by Marcus Johansson.
13:46 of 1st period - Shot Misses the Net.
14:00 of 1st period - Ryan O'Reilly is hit by Cody Glass.
14:28 of 1st period - Sonny Milano is hit by Nick Bonino and loses puck.
15:27 of 1st period - Wrist shot by Jesper Bratt.
15:27 of 1st period - Stopped by Connor Ingram with a rebound.
15:29 of 1st period - Snap shot by Victor Hedman.
15:29 of 1st period - Stopped by Connor Ingram without a rebound.
15:30 of 1st period - Casey Cizikas wins face-off versus Ryan O'Reilly in Philadelphia Flyers zone.
15:30 of 1st period - Casey Cizikas is hit by Jesper Bratt.
15:50 of 1st period - Snap shot by Jesper Bratt.
15:50 of 1st period - Shot Misses the Net.
15:52 of 1st period - Slapshot by Andrew Peeke.
15:52 of 1st period - Deflect By Ben Chiarot.
15:52 of 1st period - Stopped by Connor Ingram with a rebound.
15:58 of 1st period - Snap shot by Cody Glass.
15:58 of 1st period - Deflect By Tyler Johnson.
15:58 of 1st period - Stopped by Joey Daccord with a rebound.
16:00 of 1st period - Backhand shot by Casey Cizikas.
16:00 of 1st period - Shot Blocked by Victor Hedman.
16:02 of 1st period - Slapshot by Ben Chiarot.
16:02 of 1st period - Stopped by Joey Daccord without a rebound.
16:03 of 1st period - Alexander Wennberg wins face-off versus Nick Bonino in Colorado Rockies zone.
17:28 of 1st period - Off-side.
17:29 of 1st period - Nick Schmaltz wins face-off versus Casey Cizikas in neutral zone.
18:34 of 1st period - Ryan Winterton is hit by Victor Hedman and loses puck.
18:51 of 1st period - Wrist shot by Matt Rempe.
18:51 of 1st period - Stopped by Joey Daccord without a rebound.
18:52 of 1st period - Ryan O'Reilly wins face-off versus Alexander Wennberg in Colorado Rockies zone.
19:24 of 1st period - Slapshot by Evgeny Kuznetsov.
19:24 of 1st period - Stopped by Connor Ingram with a rebound.
Goals for this period are 0 for Philadelphia Flyers vs 0 for Colorado Rockies.
Shots for this period are 6 for Philadelphia Flyers vs 6 for Colorado Rockies.
2nd period
0:01 of 2nd period - Radek Faksa wins face-off versus Nick Schmaltz in neutral zone.
0:04 of 2nd period - Kyle Palmieri is hit by Radek Faksa and loses puck.
0:15 of 2nd period - Snap shot by Michael Bunting.
0:15 of 2nd period - Shot Blocked by Radek Faksa.
0:59 of 2nd period - Ben Chiarot is hit by Nikita Kucherov and loses puck.
1:20 of 2nd period - Snap shot by Kyle Palmieri.
1:20 of 2nd period - Shot Misses the Net.
1:44 of 2nd period - Snap shot by Cody Glass.
1:44 of 2nd period - Stopped by Joey Daccord with a rebound.
2:34 of 2nd period - Vince Dunn is hit by Zac Jones.
2:46 of 2nd period - Slapshot by Nikita Kucherov.
2:46 of 2nd period - Deflect By Kevin Hayes.
2:46 of 2nd period - Shot Blocked by Connor Murphy.
2:46 of 2nd period - Puck is out of play.
2:47 of 2nd period - Kevin Hayes wins face-off versus Radek Faksa in Philadelphia Flyers zone.
3:00 of 2nd period - Snap shot by Nikita Kucherov.
3:00 of 2nd period - Deflect By Kyle Connor.
3:00 of 2nd period - Stopped by Connor Ingram with a rebound.
3:12 of 2nd period - Snap shot by Jeff Skinner.
3:12 of 2nd period - Shot Hit the Post.
3:18 of 2nd period - Wrist shot by Jeff Skinner.
3:18 of 2nd period - Shot Misses the Net.
3:20 of 2nd period - Snap shot by Alexander Wennberg.
3:20 of 2nd period - Stopped by Joey Daccord without a rebound.
3:21 of 2nd period - Sean Kuraly wins face-off versus Nick Bonino in Colorado Rockies zone.
3:22 of 2nd period - Wrist shot by Matt Rempe.
3:22 of 2nd period - Stopped by Joey Daccord with a rebound.
3:46 of 2nd period - Tyler Johnson is hit by Nick Schmaltz and loses puck.
3:56 of 2nd period - Off-side.
3:57 of 2nd period - Ryan O'Reilly wins face-off versus Alexander Wennberg in neutral zone.
4:22 of 2nd period - Vince Dunn is hit by Connor Murphy and loses puck.
4:58 of 2nd period - Wrist shot by Jesper Bratt.
4:58 of 2nd period - Stopped by Connor Ingram with a rebound.
5:34 of 2nd period - Wrist shot by Ryan O'Reilly.
5:34 of 2nd period - Shot Blocked by Connor Murphy.
5:36 of 2nd period - Snap shot by David Pastrnak.
5:36 of 2nd period - Stopped by Connor Ingram without a rebound.
5:36 of 2nd period - Minor Penalty to Connor Ingram for Slashing.
5:37 of 2nd period - Nick Bonino wins face-off versus Alexander Wennberg in Philadelphia Flyers zone.
5:44 of 2nd period - Snap shot by Nick Bonino.
5:44 of 2nd period - Shot Blocked by Zac Jones.
5:46 of 2nd period - Wrist shot by Kevin Hayes.
5:46 of 2nd period - Goal by Kevin Hayes - Philadelphia Flyers : 0 - Colorado Rockies : 1.
5:47 of 2nd period - Nick Bonino wins face-off versus Sean Kuraly in neutral zone.
5:49 of 2nd period - Off-side.
5:50 of 2nd period - Nick Bonino wins face-off versus Sean Kuraly in neutral zone.
5:53 of 2nd period - Sean Kuraly is hit by Nikita Kucherov and loses puck.
6:12 of 2nd period - Minor Penalty to Matt Rempe for Slashing.
6:13 of 2nd period - Casey Cizikas wins face-off versus Ryan O'Reilly in Philadelphia Flyers zone.
6:39 of 2nd period - Connor Murphy is hit by David Pastrnak and loses puck.
7:56 of 2nd period - Radek Faksa is hit by Kevin Hayes and loses puck.
8:12 of 2nd period - Penalty to Matt Rempe is over, Matt Rempe is back on ice.
9:44 of 2nd period - Slapshot by Ryan Winterton.
9:44 of 2nd period - Stopped by Joey Daccord with a rebound.
9:56 of 2nd period - Nikita Zadorov is hit by Jesper Fast and loses puck.
10:21 of 2nd period - Off-side.
10:22 of 2nd period - Nick Schmaltz wins face-off versus Casey Cizikas in neutral zone.
10:25 of 2nd period - Slapshot by Cody Glass.
10:25 of 2nd period - Stopped by Joey Daccord without a rebound.
10:26 of 2nd period - Casey Cizikas wins face-off versus Nick Schmaltz in Colorado Rockies zone.
10:52 of 2nd period - Snap shot by Nikita Kucherov.
10:52 of 2nd period - Shot Misses the Net.
10:54 of 2nd period - Snap shot by Nick Bonino.
10:54 of 2nd period - Stopped by Connor Ingram with a rebound.
10:56 of 2nd period - Wrist shot by Nick Bonino.
10:56 of 2nd period - Shot Misses the Net.
10:58 of 2nd period - Slapshot by Victor Hedman.
10:58 of 2nd period - Shot Misses the Net.
11:08 of 2nd period - Snap shot by David Pastrnak.
11:08 of 2nd period - Shot Misses the Net.
11:17 of 2nd period - Off-side.
11:18 of 2nd period - Alexander Wennberg wins face-off versus Nick Bonino in neutral zone.
11:29 of 2nd period - Snap shot by Jeff Skinner.
11:29 of 2nd period - Deflect By Marcus Johansson.
11:29 of 2nd period - Stopped by Joey Daccord with a rebound.
11:35 of 2nd period - Snap shot by Kyle Connor.
11:35 of 2nd period - Stopped by Connor Ingram with a rebound.
12:17 of 2nd period - Quinn Hughes is hit by Ryan Winterton and loses puck.
12:30 of 2nd period - Matt Rempe is hit by Nick Bonino and loses puck.
12:37 of 2nd period - Wrist shot by Kyle Connor.
12:37 of 2nd period - Stopped by Connor Ingram without a rebound.
12:38 of 2nd period - Alexander Wennberg wins face-off versus Kyle Connor in Philadelphia Flyers zone.
13:03 of 2nd period - Martin Fehervary is hit by Radek Faksa.
13:07 of 2nd period - Snap shot by Sonny Milano.
13:07 of 2nd period - Stopped by Joey Daccord with a rebound.
13:09 of 2nd period - Slapshot by Vladislav Gavrikov.
13:09 of 2nd period - Stopped by Joey Daccord without a rebound.
13:10 of 2nd period - Radek Faksa wins face-off versus Nick Schmaltz in Colorado Rockies zone.
13:23 of 2nd period - Snap shot by Radek Faksa.
13:23 of 2nd period - Shot Blocked by Michael Bunting.
13:25 of 2nd period - Snap shot by Jesper Fast.
13:25 of 2nd period - Shot Misses the Net.
13:40 of 2nd period - Ben Chiarot is hit by Kyle Connor and loses puck.
13:45 of 2nd period - Snap shot by Kyle Connor.
13:45 of 2nd period - Stopped by Connor Ingram with a rebound.
13:47 of 2nd period - Slapshot by Andrew Peeke.
13:47 of 2nd period - Deflect By Jeff Skinner.
13:47 of 2nd period - Stopped by Connor Ingram without a rebound.
13:48 of 2nd period - Nick Schmaltz wins face-off versus Sean Kuraly in Philadelphia Flyers zone.
13:51 of 2nd period - Snap shot by Kyle Palmieri.
13:51 of 2nd period - Shot Blocked by Trevor van Riemsdyk.
14:01 of 2nd period - Wrist shot by Sean Kuraly.
14:01 of 2nd period - Stopped by Joey Daccord without a rebound.
14:02 of 2nd period - Radek Faksa wins face-off versus Nick Bonino in Colorado Rockies zone.
14:07 of 2nd period - Snap shot by Radek Faksa.
14:07 of 2nd period - Stopped by Joey Daccord without a rebound.
14:08 of 2nd period - Nick Bonino wins face-off versus Sonny Milano in Colorado Rockies zone.
14:19 of 2nd period - Slapshot by Quinn Hughes.
14:19 of 2nd period - Shot Blocked by Radek Faksa.
15:00 of 2nd period - Off-side.
15:01 of 2nd period - Kevin Hayes wins face-off versus Sean Kuraly in neutral zone.
15:12 of 2nd period - Wrist shot by Ryan Winterton.
15:12 of 2nd period - Stopped by Joey Daccord without a rebound.
15:13 of 2nd period - Nick Bonino wins face-off versus Sean Kuraly in Colorado Rockies zone.
15:15 of 2nd period - Minor Penalty to Nikita Zadorov for High sticking.
15:16 of 2nd period - Nikita Kucherov wins face-off versus Casey Cizikas in Colorado Rockies zone.
15:16 of 2nd period - Nikita Kucherov is hit by Sean Kuraly.
15:31 of 2nd period - Wrist shot by Tyler Johnson.
15:31 of 2nd period - Shot Misses the Net.
15:45 of 2nd period - Nick Schmaltz is hit by Sean Kuraly and loses puck.
16:35 of 2nd period - Vladislav Gavrikov is hit by Nick Schmaltz and loses puck.
17:15 of 2nd period - Penalty to Nikita Zadorov is over, Nikita Zadorov is back on ice.
17:23 of 2nd period - Wrist shot by Kevin Hayes.
17:23 of 2nd period - Stopped by Connor Ingram without a rebound.
17:24 of 2nd period - Casey Cizikas wins face-off versus Kevin Hayes in Philadelphia Flyers zone.
18:05 of 2nd period - Wrist shot by Nick Schmaltz.
18:05 of 2nd period - Stopped by Connor Ingram with a rebound.
18:07 of 2nd period - Backhand shot by Vince Dunn.
18:07 of 2nd period - Shot Blocked by Cody Glass.
18:35 of 2nd period - Albert Johansson is hit by Nikita Zadorov and loses puck.
19:16 of 2nd period - Wrist shot by Cody Glass.
19:16 of 2nd period - Stopped by Joey Daccord with a rebound.
19:48 of 2nd period - Ryan O'Reilly is hit by Cody Glass.
19:49 of 2nd period - Icing by Ryan O'Reilly.
19:50 of 2nd period - Ryan O'Reilly wins face-off versus Casey Cizikas in Colorado Rockies zone.
Goals for this period are 0 for Philadelphia Flyers vs 1 for Colorado Rockies.
Shots for this period are 12 for Philadelphia Flyers vs 11 for Colorado Rockies.
3rd period
0:01 of 3rd period - Nick Bonino wins face-off versus Jeff Skinner in neutral zone.
0:10 of 3rd period - Wrist shot by Kyle Connor.
0:10 of 3rd period - Stopped by Connor Ingram with a rebound.
0:16 of 3rd period - Backhand shot by Kyle Connor.
0:16 of 3rd period - Stopped by Connor Ingram without a rebound.
0:17 of 3rd period - Radek Faksa wins face-off versus David Pastrnak in Philadelphia Flyers zone.
0:32 of 3rd period - Backhand shot by Sonny Milano.
0:32 of 3rd period - Stopped by Joey Daccord with a rebound.
0:52 of 3rd period - Double Minor Penalty to Nikita Zadorov for Roughing.
0:53 of 3rd period - David Pastrnak wins face-off versus Cody Glass in Colorado Rockies zone.
2:03 of 3rd period - Sonny Milano is hit by Nikita Kucherov and loses puck.
2:40 of 3rd period - Victor Hedman is hit by Sean Kuraly and loses puck.
3:14 of 3rd period - Andrew Peeke is hit by Jeff Skinner and loses puck.
4:02 of 3rd period - Slapshot by Radek Faksa.
4:02 of 3rd period - Deflect By Ryan Winterton.
4:02 of 3rd period - Stopped by Joey Daccord with a rebound.
4:04 of 3rd period - Slapshot by Marcus Johansson.
4:04 of 3rd period - Goal by Marcus Johansson - Philadelphia Flyers : 1 - Colorado Rockies : 1.
4:05 of 3rd period - Casey Cizikas wins face-off versus Nick Schmaltz in neutral zone.
5:17 of 3rd period - Wrist shot by Zac Jones.
5:17 of 3rd period - Stopped by Joey Daccord with a rebound.
5:19 of 3rd period - Slapshot by Zac Jones.
5:19 of 3rd period - Stopped by Joey Daccord without a rebound.
5:20 of 3rd period - Sean Kuraly wins face-off versus Nick Schmaltz in Colorado Rockies zone.
5:21 of 3rd period - Snap shot by Matt Rempe.
5:21 of 3rd period - Shot Blocked by Quinn Hughes.
5:23 of 3rd period - Slapshot by Vladislav Gavrikov.
5:23 of 3rd period - Shot Blocked by Michael Bunting.
5:25 of 3rd period - Wrist shot by Matt Rempe.
5:25 of 3rd period - Stopped by Joey Daccord with a rebound.
5:27 of 3rd period - Snap shot by Ryan Winterton.
5:27 of 3rd period - Stopped by Joey Daccord with a rebound.
5:29 of 3rd period - Snap shot by Matt Rempe.
5:29 of 3rd period - Stopped by Joey Daccord without a rebound.
5:30 of 3rd period - Alexander Wennberg wins face-off versus Nick Bonino in Colorado Rockies zone.
5:39 of 3rd period - Slapshot by Jeff Skinner.
5:39 of 3rd period - Stopped by Joey Daccord with a rebound.
5:41 of 3rd period - Slapshot by Vladislav Gavrikov.
5:41 of 3rd period - Shot Misses the Net.
5:43 of 3rd period - Wrist shot by Jeff Skinner.
5:43 of 3rd period - Stopped by Joey Daccord without a rebound.
5:44 of 3rd period - Casey Cizikas wins face-off versus Ryan O'Reilly in Colorado Rockies zone.
5:52 of 3rd period - Minor Penalty to Victor Hedman for Hooking.
5:53 of 3rd period - Nikita Kucherov wins face-off versus Jeff Skinner in Colorado Rockies zone.
6:19 of 3rd period - Martin Fehervary is hit by Casey Cizikas and loses puck.
7:42 of 3rd period - Icing by Connor Murphy.
7:43 of 3rd period - Nick Bonino wins face-off versus Alexander Wennberg in Philadelphia Flyers zone.
7:52 of 3rd period - Penalty to Victor Hedman is over, Victor Hedman is back on ice.
8:30 of 3rd period - Ben Chiarot is hit by Kyle Connor.
8:36 of 3rd period - Wrist shot by Kyle Connor.
8:36 of 3rd period - Shot Misses the Net.
9:06 of 3rd period - Snap shot by Nick Schmaltz.
9:06 of 3rd period - Shot Hit the Post.
9:08 of 3rd period - Snap shot by Andrew Peeke.
9:08 of 3rd period - Stopped by Connor Ingram without a rebound.
9:09 of 3rd period - Alexander Wennberg wins face-off versus Nick Schmaltz in Philadelphia Flyers zone.
9:48 of 3rd period - Snap shot by David Pastrnak.
9:48 of 3rd period - Shot Misses the Net.
10:09 of 3rd period - Off-side.
10:10 of 3rd period - Casey Cizikas wins face-off versus Nick Schmaltz in neutral zone.
10:44 of 3rd period - Off-side.
10:45 of 3rd period - Nick Bonino wins face-off versus Radek Faksa in neutral zone.
10:50 of 3rd period - Trevor van Riemsdyk is hit by Kyle Connor and loses puck.
11:11 of 3rd period - Vince Dunn is hit by Casey Cizikas and loses puck.
11:34 of 3rd period - Slapshot by Vince Dunn.
11:34 of 3rd period - Deflect By Jeff Skinner.
11:34 of 3rd period - Stopped by Connor Ingram without a rebound.
11:35 of 3rd period - Kevin Hayes wins face-off versus Alexander Wennberg in Philadelphia Flyers zone.
11:36 of 3rd period - Slapshot by Evgeny Kuznetsov.
11:36 of 3rd period - Stopped by Connor Ingram with a rebound.
11:39 of 3rd period - Icing by Connor Murphy.
11:40 of 3rd period - Kevin Hayes wins face-off versus Alexander Wennberg in Philadelphia Flyers zone.
11:45 of 3rd period - Slapshot by Nick Bonino.
11:45 of 3rd period - Stopped by Connor Ingram with a rebound.
11:55 of 3rd period - Vladislav Gavrikov is hit by Evgeny Kuznetsov and loses puck.
12:22 of 3rd period - Snap shot by Marcus Johansson.
12:22 of 3rd period - Shot Misses the Net.
12:24 of 3rd period - Slapshot by Vladislav Gavrikov.
12:24 of 3rd period - Deflect By Victor Hedman.
12:24 of 3rd period - Stopped by Joey Daccord without a rebound.
12:25 of 3rd period - Sean Kuraly wins face-off versus Nick Schmaltz in Colorado Rockies zone.
12:50 of 3rd period - Jesper Fast is hit by Nikita Zadorov and loses puck.
12:55 of 3rd period - Wrist shot by Jesper Bratt.
12:55 of 3rd period - Deflect By David Pastrnak.
12:55 of 3rd period - Stopped by Connor Ingram with a rebound.
12:57 of 3rd period - Snap shot by David Pastrnak.
12:57 of 3rd period - Shot Blocked by Sonny Milano.
12:59 of 3rd period - Snap shot by Ryan O'Reilly.
12:59 of 3rd period - Stopped by Connor Ingram with a rebound.
13:01 of 3rd period - Wrist shot by Andrew Peeke.
13:01 of 3rd period - Stopped by Connor Ingram without a rebound.
13:02 of 3rd period - Casey Cizikas wins face-off versus Nick Schmaltz in Philadelphia Flyers zone.
13:07 of 3rd period - Snap shot by Cody Glass.
13:07 of 3rd period - Stopped by Joey Daccord without a rebound.
13:08 of 3rd period - Nick Schmaltz wins face-off versus Casey Cizikas in Colorado Rockies zone.
13:35 of 3rd period - Sonny Milano is hit by Martin Fehervary and loses puck.
13:45 of 3rd period - Icing by David Pastrnak.
13:46 of 3rd period - Sean Kuraly wins face-off versus Ryan O'Reilly in Colorado Rockies zone.
14:12 of 3rd period - Wrist shot by Jesper Bratt.
14:12 of 3rd period - Deflect By Trevor van Riemsdyk.
14:12 of 3rd period - Stopped by Connor Ingram with a rebound.
14:14 of 3rd period - Slapshot by Ryan O'Reilly.
14:14 of 3rd period - Shot Misses the Net.
14:16 of 3rd period - Wrist shot by Martin Fehervary.
14:16 of 3rd period - Stopped by Connor Ingram without a rebound.
14:17 of 3rd period - Casey Cizikas wins face-off versus Nikita Kucherov in Philadelphia Flyers zone.
14:17 of 3rd period - Casey Cizikas is hit by Kyle Connor.
14:34 of 3rd period - Vladislav Gavrikov is hit by Kyle Connor and loses puck.
15:07 of 3rd period - Snap shot by Jesper Bratt.
15:07 of 3rd period - Deflect By Ryan O'Reilly.
15:07 of 3rd period - Stopped by Connor Ingram with a rebound.
15:26 of 3rd period - Connor Murphy is hit by Nick Bonino and loses puck.
16:01 of 3rd period - Icing by Martin Fehervary.
16:02 of 3rd period - Radek Faksa wins face-off versus Nick Schmaltz in Colorado Rockies zone.
16:03 of 3rd period - Wrist shot by Sonny Milano.
16:03 of 3rd period - Stopped by Joey Daccord with a rebound.
16:05 of 3rd period - Snap shot by Radek Faksa.
16:05 of 3rd period - Shot Blocked by Nikita Zadorov.
16:07 of 3rd period - Wrist shot by Sonny Milano.
16:07 of 3rd period - Shot Misses the Net.
16:09 of 3rd period - Slapshot by Albert Johansson.
16:09 of 3rd period - Shot Blocked by Nikita Zadorov.
16:11 of 3rd period - Snap shot by Jesper Fast.
16:11 of 3rd period - Shot Misses the Net.
16:13 of 3rd period - Wrist shot by Zac Jones.
16:13 of 3rd period - Shot Blocked by Martin Fehervary.
16:15 of 3rd period - Slapshot by Zac Jones.
16:15 of 3rd period - Deflect By Radek Faksa.
16:15 of 3rd period - Stopped by Joey Daccord without a rebound.
16:16 of 3rd period - Kevin Hayes wins face-off versus Matt Rempe in Colorado Rockies zone.
16:41 of 3rd period - Radek Faksa is hit by Michael Bunting and loses puck.
16:48 of 3rd period - Slapshot by Zac Jones.
16:48 of 3rd period - Stopped by Joey Daccord with a rebound.
17:10 of 3rd period - Slapshot by Tyler Johnson.
17:10 of 3rd period - Stopped by Joey Daccord with a rebound.
17:26 of 3rd period - Slapshot by Vince Dunn.
17:26 of 3rd period - Stopped by Connor Ingram with a rebound.
17:28 of 3rd period - Wrist shot by Kyle Connor.
17:28 of 3rd period - Shot Misses the Net.
17:44 of 3rd period - Sean Kuraly is hit by Nikita Kucherov and loses puck.
18:13 of 3rd period - Slapshot by Vince Dunn.
18:13 of 3rd period - Stopped by Connor Ingram with a rebound.
18:33 of 3rd period - Quinn Hughes is hit by Zac Jones and loses puck.
18:57 of 3rd period - Slapshot by Victor Hedman.
18:57 of 3rd period - Stopped by Connor Ingram with a rebound.
19:53 of 3rd period - Albert Johansson is hit by Jesper Bratt and loses puck.
Goals for this period are 1 for Philadelphia Flyers vs 0 for Colorado Rockies.
Shots for this period are 16 for Philadelphia Flyers vs 15 for Colorado Rockies.
Overtime #1
0:01 of 1st overtime period - Nikita Kucherov wins face-off versus Alexander Wennberg in neutral zone.
0:26 of 1st overtime period - Connor Murphy is hit by Quinn Hughes and loses puck.
4:33 of 1st overtime period - David Pastrnak is hit by Connor Murphy and loses puck.
Goals for this period are 0 for Philadelphia Flyers vs 0 for Colorado Rockies.
Shots for this period are 0 for Philadelphia Flyers vs 0 for Colorado Rockies.
ShootOut
5:00 of 1st overtime period - Round #1.
5:00 of 1st overtime period - Philadelphia Flyers, Alexander Wennberg.
5:00 of 1st overtime period - Backhand shot by Alexander Wennberg.
5:00 of 1st overtime period - Shot Misses the Net.
5:00 of 1st overtime period - Colorado Rockies, Nikita Kucherov.
5:00 of 1st overtime period - Snap shot by Nikita Kucherov.
5:00 of 1st overtime period - Stopped by Connor Ingram.
5:00 of 1st overtime period - Round #2.
5:00 of 1st overtime period - Philadelphia Flyers, Cody Glass.
5:00 of 1st overtime period - Backhand shot by Cody Glass.
5:00 of 1st overtime period - Stopped by Joey Daccord.
5:00 of 1st overtime period - Colorado Rockies, David Pastrnak.
5:00 of 1st overtime period - Snap shot by David Pastrnak.
5:00 of 1st overtime period - Stopped by Connor Ingram.
5:00 of 1st overtime period - Round #3.
5:00 of 1st overtime period - Philadelphia Flyers, Casey Cizikas.
5:00 of 1st overtime period - Snap shot by Casey Cizikas.
5:00 of 1st overtime period - Stopped by Joey Daccord.
5:00 of 1st overtime period - Colorado Rockies, Nick Bonino.
5:00 of 1st overtime period - Deke by Nick Bonino.
5:00 of 1st overtime period - Goal by Nick Bonino.
Back to the Top